 Dungeon Crawl Stone Soup version 0.30.0-29-ga12c61a403 (webtiles) character file.

Game seed: 13162273090690853064

375 GloriousHammer the Cudgeller (level 6, -2/53 HPs)
             Began as an Armataur Berserker on June 23, 2023.
             Was a Follower of Trog.
             Slain by a jelly (3 damage)
             ... on level 3 of the Dungeon.
             The game lasted 00:05:11 (3760 turns).

GloriousHammer the Cudgeller (Armataur Berserker)   Turns: 3760, Time: 00:05:11

Health: -2/53      AC: -1    Str: 22    XL:     6   Next: 44%
Magic:  6/6        EV:  8    Int:  7    God:    Trog [*.....]
Gold:   230        SH:  0    Dex: 12    Spells: 5/5 levels left

rFire   . . .        s - +0 morningstar
rCold   . . .        (no shield)
rNeg    . . .        c - +0 scale mail
rPois   .            (no helmet)
rElec   .            (no cloak)
rCorr   .            (no gloves)
SInv    .            (no barding)
Will    .....        (no amulet) Stlth
                     (no ring)
HPRegen 0.28/turn    (no ring)
MPRegen 0.10/turn

%: roll
@: corroded
A: large, rugged brown scales 3, deformed body, armoured tail, roll, long
tongue, awkward tongue
a: Renounce Religion, Berserk


You were on level 3 of the Dungeon.
You worshipped Trog.
Trog was aware of your devotion.
You visited 1 branch of the dungeon, and saw 4 of its levels.

You collected 230 gold pieces.

Inventory:

Hand Weapons
 b - a +0 sling
 s - a +0 morningstar (weapon)
Missiles
 h - 8 poisoned darts (quivered)
 i - 5 javelins
 u - a throwing net
Armour
 c - a +0 scale mail (worn)
 q - a +0 robe of resistance
Jewellery
 R - a ring of resist corrosion
Scrolls
 a - 2 scrolls of brand weapon {unknown}
 d - a scroll of identify {unknown}
 e - 2 scrolls of amnesia {unknown}
 f - 2 scrolls of noise {unknown}
 g - a scroll of vulnerability {unknown}
 p - a scroll of magic mapping {unknown}
 t - a scroll of teleportation {unknown}
Potions
 j - a potion of magic {unknown}
 k - 3 potions of flight {unknown}
 l - a potion of haste {unknown}
 m - 2 potions of mutation {unknown}
 n - 3 potions of might {unknown}
 o - a potion of brilliance {unknown}
 r - a potion of curing {unknown}


   Skills:
 - Level 2.6 Fighting
 + Level 6.7 Maces & Flails
 - Level 2.4 Armour
 - Level 1.3 Dodging


You had 5 spell levels left.
You didn't know any spells.
Your spell library was empty.

Dungeon Overview and Level Annotations

Branches:
Dungeon (4/15)
 Temple: D:4-7

Altars:
Wu Jian

Shops:
D:1 (


Innate Abilities, Weirdness & Mutations

You are completely covered in rugged brown scales. (AC +3, +7% HP)
Armour fits poorly on your strangely shaped body.
You have a long armoured tail.
You roll when moving toward enemies. (Rampage)
Your long tongue fully drains potion bottles. (2x potion effects)
Your tongue gives you trouble enunciating. (1.5x scroll delay)


Message History

You kill the quokka!
Trog accepts your kill.
You see here a quokka corpse.
A bat comes into view.
The bat hits you but does no damage.
A bat is nearby!
A bat is nearby!
You barely miss the bat. The bat closely misses you.
The bat hits you but does no damage. x2
You closely miss the bat. The bat closely misses you.
You roll towards the bat!
The bat hits you.
You sock the bat!
You kill the bat!
Trog accepts your kill.
You see here a bat corpse.
You see here a quokka corpse.
Found a stone staircase leading up.
Unknown command.
You see here 5 stones.
You see here a +0 whip.
You see here a +0 dagger.
There is a stone staircase leading down here.
Things that are here:
a +0 club; a +0 club; a +0 mace
There is a stone staircase leading down here.
Done exploring.
Done exploring.
Done exploring.
Done exploring.
Done exploring.
Search for what [Enter for "."]? .
Things that are here:
a +0 club; a +0 club; a +0 mace
There is a stone staircase leading down here.
You see here a +0 dagger.
You see here a +0 morningstar.
s - a +0 morningstar
s - a +0 morningstar (weapon)
You drop a +0 mace.
You drop a +0 flail.
(D) Dungeon
Where to? (Enter - D:3 @ (x,y), ? - help)
You see here a +0 whip.
You see here a +0 dagger.
There is a stone staircase leading down here.
You climb downwards.
There is a stone staircase leading up here.
Found a scale mail.
a - 2 scrolls labelled DANEIH KYMORY Search for what [Enter for "."]? shield Can't find anything matching that.
You see here a +0 scale mail.
n - 2 green potions (gained 1) 2 orcs come into view.
Found a scroll labelled JUTWUD AMOGAGU.
The orc shouts! x2
There are monsters nearby!
You roll towards the orc!
The orc hits you with a +0 falchion.
You barely miss the orc. You tail-slap the orc.
The orc is moderately wounded.
The orc hits you with a +0 falchion.
You barely miss the orc.
The orc is moderately wounded.
The orc hits you with a +0 falchion.
You hit the orc.
The orc is severely wounded.
The orc hits you with a +0 falchion.
You closely miss the orc.
The orc is severely wounded.
The orc hits you with a +0 falchion.
You puncture the orc!
You kill the orc!
Trog accepts your kill. The orc hits you with a +0 club.
You barely miss the orc. The orc barely misses you. x2
You barely miss the orc. The orc hits you but does no damage.
You barely miss the orc. The orc barely misses you.
You barely miss the orc. You tail-slap the orc!
You kill the orc!
Trog accepts your kill.
Things that are here:
a +0 club; a +0 leather armour You start resting.
HP restored.
You start waiting.
Done waiting.
Things that are here:
a +0 club; a +0 leather armour You see here a +0 falchion.
p - a scroll labelled JUTWUD AMOGAGU A kobold comes into view.
It is wielding a +0 whip and quivering atropa-tipped darts.
A kobold is nearby!
A kobold is nearby!
The kobold shouts!
The kobold throws an atropa-tipped dart.
The atropa-tipped dart hits you.
You are confused.
You feel less confused.
You puncture the kobold!
You kill the kobold!
Trog accepts your kill.
You start waiting.
Done waiting.
You start waiting.
Done waiting.
You start waiting.
You hear a distant slurping noise. x2
Done waiting.
You start waiting.
You hear a distant slurping noise.
Done waiting.
n - 3 green potions (gained 1)
You now have 202 gold pieces (gained 17).
Things that are here:
a +0 whip; 6 atropa-tipped darts; a kobold skeleton
Found a stone staircase leading down.
t - a scroll labelled TASSIDITWAR A hound comes into view.
A hound is nearby!
Found 15 gold pieces.
The hound barely misses you.
You sock the hound!
You tail-slap the hound, but do no damage.
The hound is almost dead.
The hound barely misses you. The hound bites you.
You miss the hound.
The hound is almost dead.
The hound closely misses you. The hound barely misses you.
You closely miss the hound.
The hound is almost dead.
The hound closely misses you. The hound bites you but does no damage.
You hit the hound.
You kill the hound!
Trog accepts your kill.
You now have 217 gold pieces (gained 15).
Found a stone staircase leading up.
An endoplasm comes into view.
An endoplasm is nearby!
An endoplasm is nearby!
You roll towards the endoplasm!
Found a stone staircase leading down.
You roll towards the endoplasm!
Found a throwing net.
The endoplasm freezes you.
You are frozen.
You hit the endoplasm.
The endoplasm is lightly wounded.
The endoplasm closely misses you.
You hit the endoplasm.
The endoplasm is almost dead.
The endoplasm freezes you.
You are frozen.
The endoplasm hits you but does no damage.
You hit the endoplasm.
You kill the endoplasm!
Trog accepts your kill.
HP restored.
Found a stone staircase leading up.
u - a throwing net A jelly comes into view.
Found 3 stones.
The jelly quivers.
You see here 13 gold pieces.
A jelly is nearby!
You now have 230 gold pieces (gained 13).
You roll towards the jelly! 2 gnolls come into view.
You barely miss the jelly.
The gnoll shouts! x2; You hear a shout!
The jelly hits you but does no damage.
You barely miss the jelly. The jelly barely misses you.
You hit the jelly.
Your hands burn!
You tail-slap the jelly.
The jelly is heavily wounded.
The jelly hits you but does no damage.
A gnoll comes into view. It is wielding a +0 spear.
You hit the jelly. The acid corrodes you!
Your hands burn!
You tail-slap the jelly!
You kill the jelly!
Trog accepts your kill.
A jelly comes into view.
There is a stone staircase leading up here.
The jelly hits you.
You are splashed with acid!
You climb upwards.
You are no longer corroded.
There is a stone staircase leading down here.
You hit the jelly.
Your hands burn!
The jelly is lightly wounded.
The jelly hits you.
You are splashed with acid.
You bludgeon the jelly!! The acid corrodes you!
Your hands burn!
You tail-slap the jelly.
The jelly is almost dead.
The jelly hits you. The acid corrodes you!
You are splashed with acid!
You hit the jelly.
Your hands burn!
The jelly is almost dead.
The jelly hits you.
* * * LOW HITPOINT WARNING * * *
You are splashed with acid!
* * * LOW HITPOINT WARNING * * *
You hit the jelly but do no damage.
Your hands burn!
* * * LOW HITPOINT WARNING * * *
The jelly is almost dead.
The jelly hits you.
You die...

# #.....# #.# ##
#.....# ####.#### <##
####### #.......# ..#
#.##.##.# ..# #.##.##.#
..# #.#..##.# .##
#######.#.###.# ..#
#.......#.###.# #.##
#.#####.@.....#
...######.##.....J#####
#.......<....##.###
#.#######.#####.# ..#
#.......# ### #########


You could see a jelly.

Vanquished Creatures
  Sigmund (D:3)
  A jelly (D:4)
  An orc priest (D:3)
  2 hounds
  An orc wizard (D:3)
  An adder (D:2)
  A worm (D:2)
  A dart slug (D:1)
  10 orcs
  4 endoplasms
  2 giant cockroaches
  4 goblins
  2 hobgoblins
  2 jackals (D:2)
  5 kobolds
  A quokka (D:3)
  6 ball pythons
  3 bats
  2 frilled lizards (D:3)
  A rat (D:2)
51 creatures vanquished.

Notes
Turn   | Place    | Note
-------+----------+-------------------------------------------
     0 | D:1      | GloriousHammer the Armataur Berserker began the quest for
                  | the Orb.
     0 | D:1      | Reached XP level 1. HP: 19/19 MP: 1/1
    51 | D:1      | Reached skill level 3 in Maces & Flails
   156 | D:1      | Reached XP level 2. HP: 26/26 MP: 2/2
   201 | D:1      | Found Neogairch's Weapon Shoppe.
  1207 | D:2      | Reached XP level 3. HP: 17/32 MP: 3/3
  1647 | D:2      | Reached skill level 4 in Maces & Flails
  1770 | D:3      | Identified the +5 dagger "Ubriy" {heavy, rElec Will+ Str-3}
  1903 | D:3      | Reached XP level 4. HP: 18/39 MP: 4/4
  1912 | D:3      | Reached ** piety under Trog
  1930 | D:3      | Reached skill level 5 in Maces & Flails
  2187 | D:3      | Noticed Sigmund
  2211 | D:3      | Killed Sigmund
  2212 | D:3      | Reached skill level 6 in Maces & Flails
  2212 | D:3      | Reached XP level 5. HP: 40/44 MP: 5/5
  2212 | D:3      | Reached XP level 6. HP: 48/53 MP: 6/6
  2463 | D:3      | Found an ornate altar of the Wu Jian Council.
  3760 | D:3      | HP: 1/53 [acid (5)]
  3760 | D:3      | Slain by a jelly

Illustrated notes

Levels and vault maps discovered:
D:1:      ebering_trefoil_twist, layout_basic, serial_shops,
          nicolae_shop_bloodbath_and_beyond
D:2:      layout_basic
D:3:      layout_loops_cross, nicolae_overflow_crystal_walls, uniq_sigmund
D:4:      layout_loops_ring, nemelex_dance_club_becter

Skill      XL: |  1  2  3  4 |
---------------+-------------+-----
Maces & Flails | 3 4 6 |  6.7
Fighting       | |  2.6
Armour         | |  2.4
Dodging        | |  1.3

Action                     |  1- 3 |  4- 6 || total
---------------------------+-------+-------++-------
  Melee: Mace              |    83 |    23 ||   106
         Tailslap          |     9 |    11 ||    20
         Flail             |       |    39 ||    39
         Morningstar       |       |    25 ||    25
 Invoke: Berserk           |     1 |     1 ||     2
         Trog's Hand       |       |     1 ||     1
 Armour: Scale mail        |    41 |    29 ||    70
         Animal skin       |     1 |       ||     1
  Dodge: Dodged            |    35 |    20 ||    55
